 Dungeon Crawl Stone Soup version 0.28.0 (webtiles) character file.

Game seed: 8593142879537183671

536 kalebr the Cleaver (level 7, -3/60 HPs)
             Began as a Hill Orc Fighter on Feb 8, 2022.
             Was a Follower of Beogh.
             Slain by an ogre (15 damage)
             ... on level 5 of the Dungeon.
             The game lasted 00:57:48 (5149 turns).

kalebr the Cleaver (Hill Orc Fighter)               Turns: 5149, Time: 00:57:49

Health: -3/60      AC: 10    Str: 19    XL:     7   Next: 25%
Magic:  7/7        EV:  9    Int: 10    God:    Beogh [*.....]
Gold:   221        SH:  4    Dex: 10    Spells: 6/6 levels left

rFire   . . .      SeeInvis .   a - +0 war axe
rCold   . . .      Faith    .   c - +0 buckler
rNeg    . . .      Spirit   .   b - +0 scale mail
rPois   +          Reflect  .   (no helmet)
rElec   .          Harm     .   p - +2 cloak {rPois}
rCorr   .          Rampage  .   (no gloves)
Will    .....                   (no boots)
Stlth   ..........              (no amulet)
HPRegen 0.20/turn               (no ring)
MPRegen 0.10/turn               (no ring)

@: attractive
A: no striking features
a: Renounce Religion


You were on level 5 of the Dungeon.
You worshipped Beogh.
Beogh was aware of your devotion.
You visited 1 branch of the dungeon, and saw 5 of its levels.

You collected 221 gold pieces.

Inventory:

Hand Weapons
 a - a +0 war axe (weapon)
 i - a +0 rapier
 r - a +0 hunting sling
 C - a +2 whip of distortion
Missiles
 e - 136 stones (quivered)
 g - 41 sling bullets
 q - 77 arrows
 y - 2 poisoned darts
Armour
 b - a +0 scale mail (worn)
 c - a +0 buckler (worn)
 p - a +2 cloak of poison resistance (worn)
 B - the +3 robe of a Thousand Eyes {Harm SInv}
   (You found it on level 5 of the Dungeon)

   SInv:      It lets you see invisible.
   Harm:      It increases damage dealt and taken.
Magical Staves
 x - a staff of cold
Wands
 z - a wand of polymorph (7)
 A - a wand of flame (21)
Scrolls
 h - a scroll of immolation {unknown}
 j - 3 scrolls of amnesia {unknown}
 k - 2 scrolls of summoning {unknown}
 l - 3 scrolls of teleportation {unknown}
 m - 3 scrolls of identify {unknown}
 n - a scroll of brand weapon {unknown}
 t - a scroll of magic mapping {unknown}
 u - 2 scrolls of enchant armour {unknown}
 w - 2 scrolls of fog {unknown}
Potions
 d - 4 potions of might
 f - 2 potions of attraction
 o - 2 potions of curing
 s - 3 potions of flight {unknown}
 v - a potion of heal wounds {unknown}
 D - a potion of brilliance {unknown}


   Skills:
 + Level 4.8 Fighting
 * Level 8.1 Axes
 + Level 0.2 Slings
 + Level 4.2 Armour
 + Level 1.0 Dodging
 + Level 4.0 Shields


You had 6 spell levels left.
You didn't know any spells.
Your spell library contained the following spells:

 Spells                   Type           Power      Damage    Failure   Level
 Call Imp                 Summ           0%         N/A       91%         2
 Frozen Ramparts          Ice            0%         1d2       99%         3
 Ice Form                 Ice/Tmut       0%         N/A       100%        4
 Summon Ice Beast         Ice/Summ       0%         N/A       100%        4
 Irradiate                Conj/Tmut      0%         3d13      100%        5
 Malign Gateway           Summ/Tloc      0%         N/A       100%        7


Dungeon Overview and Level Annotations

Branches:
Dungeon (5/15)
 Temple: D:4-7

Altars:
Kikubaaqudgha
Xom

Annotations:
D:4 Menkaure


Message History

D - an orange potion A scorpion comes into view.
Press: ? - help, v - describe, . - travel
Here: a scorpion The floor.
A scorpion is nearby!
Unknown command.
You slash the scorpion!
The scorpion is heavily wounded.
The scorpion stings you.
The scorpion stings you but does no damage.
You closely miss the scorpion.
The scorpion is heavily wounded.
The scorpion stings you but does no damage.
You slash the scorpion!
You kill the scorpion!
Beogh accepts your kill.
Your Axes skill increases to level 8!
Your Dodging skill increases to level 1!
Found 16 stones.
Found a spear and 13 gold pieces.
The ogre shouts!
Cleave: a) +0 war axe
Press: ? - help, Dir - move target, f - ogre
Aim: an ogre, wielding a +0 giant club (about 25% to evade your +0 war axe)
You barely miss the ogre. The ogre misses you.
You barely miss the ogre. The ogre hits you with a +0 giant club!
You barely miss the ogre. You block the ogre's attack.
You slash the ogre!
The ogre is moderately wounded.
The ogre hits you with a +0 giant club.
You hit the ogre.
The ogre is heavily wounded.
The ogre hits you with a +0 giant club!!
* * * LOW HITPOINT WARNING * * *
It was a potion of attraction.
You feel attractive to monsters.
It was a potion of curing.
You feel better. The ogre hits you with a +0 giant club!
You die...

#....# #
##...#.....
#.##....##....
#....#........
####...##.....
#......# .....
#.###### ....
#.# ...≈ #@#
.≈. #O#
.≈.....(#
.≈...##.# .≈..
#.# .≈. #.# )≈
#.# # ..# #.$


You could see an ogre.

Vanquished Creatures
  A scorpion (D:5)
  2 water moccasin skeletons
  A bullfrog zombie (D:5)
  A hound (D:4)
  Jessica (D:2)
  Ijyb (D:4)
  An iguana (D:5)
  2 orc wizards
  A hound skeleton (D:4)
  5 adders
  An ufetubus (D:4)
  2 adder skeletons
  2 worms
  A dart slug (D:1)
  9 orcs
  8 ball pythons
  7 endoplasms
  A giant cockroach (D:3)
  7 hobgoblins
  7 jackals
  5 kobolds
  3 quokkas
  8 bats
  2 frilled lizards
  7 goblins
  6 rats
92 creatures vanquished.

Vanquished Creatures (others)
  An orc wizard (D:4)
  A hobgoblin (D:3)
2 creatures vanquished.

Grand Total: 94 creatures vanquished

Notes
Turn   | Place    | Note
-------+----------+-------------------------------------------
     0 | D:1      | kalebr the Hill Orc Fighter began the quest for the Orb.
     0 | D:1      | Reached XP level 1. HP: 19/19 MP: 1/1
   391 | D:1      | Reached XP level 2. HP: 26/27 MP: 2/2
   803 | D:1      | Reached skill level 3 in Axes
   920 | D:1      | Reached XP level 3. HP: 28/33 MP: 3/3
  1057 | D:1      | Found a faded altar of an unknown god.
  1753 | D:2      | Noticed Jessica
  2140 | D:2      | Reached XP level 4. HP: 40/40 MP: 4/4
  2177 | D:2      | Killed Jessica
  2178 | D:2      | Reached skill level 4 in Axes
  2520 | D:3      | Found an ancient bone altar of Kikubaaqudgha.
  2544 | D:3      | Became a worshipper of Beogh the Brigand
  3082 | D:3      | Reached XP level 5. HP: 46/46 MP: 5/5
  3723 | D:4      | Reached skill level 5 in Axes
  3816 | D:4      | Reached * piety under Beogh
  3820 | D:4      | Reached XP level 6. HP: 52/53 MP: 6/6
  3880 | D:4      | Reached skill level 6 in Axes
  3888 | D:4      | Noticed Menkaure
  3925 | D:4      | Got the Incunabulum of Transmutation and Companions
  4128 | D:4      | Noticed Ijyb
  4147 | D:4      | Killed Ijyb
  4563 | D:5      | Entered Level 5 of the Dungeon
  4584 | D:5      | Reached skill level 7 in Axes
  4877 | D:5      | Identified the +3 robe of a Thousand Eyes {Harm SInv}
  5083 | D:5      | Found a shimmering altar of Xom.
  5111 | D:5      | Reached XP level 7. HP: 48/60 MP: 7/7
  5127 | D:5      | Reached skill level 8 in Axes
  5127 | D:5      | Reached skill level 1 in Dodging
  5149 | D:5      | Slain by an ogre

Illustrated notes

Levels and vault maps discovered:
D:1:      zaba_arrival_water, layout_basic, hellmonk_ecumenical_altar_lost_god,
          chequers_serial_rivers_micro_e
D:2:      layout_basic, uniq_jessica
D:3:      minmay_skewed_foursquare, layout_basic, kiku_gazebo_pond_becter
D:4:      layout_basic, uniq_ijyb, uniq_menkaure
D:5:      cheibrodos_helix_gallery, layout_loops_ring, kennysheep_mini,
          zin_purify, minmay_temple_entry_water_ring, nicolae_underground_beach

Skill      XL: |  1  2  3  4  5  6  7 |
---------------+----------------------+-----
Axes           | 3 4 5 7 8 |  8.1
Armour         | 4 |  4.2
Fighting       | 4 |  4.8
Shields        | 4 |  4.0
Dodging        | 1 |  1.0
Slings         | |  0.2

Action                   |  1- 3 |  4- 6 |  7- 9 || total
-------------------------+-------+-------+-------++-------
Melee: War axe           |   112 |   190 |     8 ||   310
 Fire: Hunting sling     |       |     8 |       ||     8
Throw: Stone             |     5 |       |       ||     5
Invok: Convert to Beogh  |       |     1 |       ||     1
  Use: Potion            |       |       |     2 ||     2
Armor: Scale mail        |    65 |    79 |     2 ||   146
       Skin              |       |     6 |       ||     6
Dodge: Dodged            |    58 |    68 |     1 ||   127
Block: Buckler           |    32 |    30 |     1 ||    63
